 Dungeon Crawl Stone Soup version 0.27.1-3-gb3d3a73c9e (webtiles) character file.

Game seed: 8251499403797234118

250 Urokeeper the Cutter (level 6, -1/35 HPs)
             Began as a Kobold Brigand on Oct 14, 2021.
             Slain by a hobgoblin (5 damage)
             ... in a bailey.
             The game lasted 00:09:32 (3224 turns).

Urokeeper the Cutter (Kobold Brigand)               Turns: 3224, Time: 00:09:32

Health: -1/35      AC:  3    Str: 11    XL:     6   Next: 35%
Magic:  6/6        EV: 14    Int: 12    God:
Gold:   196        SH:  0    Dex: 16    Spells: 5/5 levels left

rFire    . . .     SeeInvis .   t - +4 falchion
rCold    + . .     Faith    .   (shield restricted)
rNeg     . . .     Spirit   .   b - +0 robe
rPois    .         Reflect  .   (no helmet)
rElec    .         Harm     .   c - +0 cloak
rCorr    +         Rampage  .   (no gloves)
Will     .....                  (no boots)
Stlth    ++++......             (no amulet)
HPRegen  0.11/turn              j - ring of protection from cold
MPRegen  0.10/turn              p - ring of resist corrosion

@: no status effects
A: small, no large weapons, nightstalker 3
a: no special abilities


You were in a bailey.
You visited 1 branch of the dungeon, and saw 5 of its levels.
You also visited: Bailey.

You collected 196 gold pieces.

Inventory:

Hand Weapons
 a - a +2 dagger
 h - a +1 short sword of speed
 r - a +0 dagger of electrocution
 t - a +4 falchion (weapon)
Missiles
 d - 20 poisoned darts (quivered)
 e - 2 curare-tipped darts
 y - 23 bolts
Armour
 b - a +0 robe (worn)
 c - a +0 cloak (worn)
Jewellery
 j - a ring of protection from cold (left hand)
 p - a ring of resist corrosion (right hand)
 q - a +6 ring of intelligence
Wands
 v - a wand of flame (20)
Scrolls
 f - 4 scrolls of teleportation
 g - a scroll of enchant weapon {unknown}
 l - a scroll of vulnerability {unknown}
 n - a scroll of amnesia {unknown}
 o - a scroll of brand weapon {unknown}
 s - 2 scrolls of identify {unknown}
 u - a scroll of fog {unknown}
 z - a scroll of enchant armour {unknown}
Potions
 i - a potion of invisibility {unknown}
 k - a potion of ambrosia {unknown}
 m - 2 potions of haste {unknown}
 w - a potion of cancellation {unknown}
 x - a potion of resistance {unknown}


   Skills:
 - Level 2.1 Fighting
 - Level 7.4(7.7) Short Blades
 * Level 1.7(3.4) Long Blades
 - Level 2.1 Throwing
 - Level 1.2 Dodging
 + Level 5.5 Stealth


You had 5 spell levels left.
You didn't know any spells.
Your spell library contained the following spells:

 Spells                   Type           Power      Damage    Failure   Level
 Animate Skeleton         Necr           0%         N/A       32%         1
 Apportation              Tloc           0%         N/A       32%         1
 Corona                   Hex            0%         N/A       32%         1
 Summon Small Mammal      Summ           0%         N/A       32%         1
 Passwall                 Tmut/Erth      0%         N/A       45%         2
 Swiftness                Air            0%         N/A       69%         3
 Invisibility             Hex            0%         N/A       100%        6


Dungeon Overview and Level Annotations

Branches:
Dungeon (4/15)             Bailey (1/1)
 Temple: D:4-7

Altars:


Innate Abilities, Weirdness & Mutations

You are small and have problems with some larger weapons.
You are completely attuned to the shadows.


Message History

The hobgoblin is severely wounded.
The hobgoblin barely misses you. The goblin barely misses you.
You riposte.
You closely miss the goblin. The goblin hits you with a +0 hand axe.
The hobgoblin barely misses you.
You riposte.
You hit the hobgoblin.
You kill the hobgoblin!
You hit the goblin.
You kill the goblin!
You barely miss the goblin. The goblin closely misses you.
You riposte.
You closely miss the goblin. The goblin closely misses you.
You riposte.
You hit the goblin.
You kill the goblin!
You hit the goblin.
You kill the goblin!
You barely miss the hobgoblin.
The hobgoblin hits you with a +0 hand axe.
You hit the hobgoblin.
The hobgoblin is severely wounded.
The hobgoblin hits you with a +0 hand axe.
You hit the hobgoblin.
You kill the hobgoblin!
You barely miss the goblin. The goblin misses you.
You closely miss the goblin. You closely miss the goblin.
The goblin hits you with a +0 hand axe.
* * * LOW HITPOINT WARNING * * *
The hobgoblin completely misses you.
You hit the hobgoblin.
The hobgoblin is severely wounded.
The goblin completely misses you.
You riposte.
You slash the goblin!
You kill the goblin!
The hobgoblin hits you with a +0 hand axe.
* * * LOW HITPOINT WARNING * * *
You hit the hobgoblin but do no damage.
The hobgoblin is severely wounded.
The hobgoblin closely misses you.
You riposte.
You hit the hobgoblin but do no damage.
The hobgoblin is severely wounded.
You hit the hobgoblin but do no damage.
The hobgoblin is severely wounded.
The hobgoblin hits you with a +0 hand axe.
You die...

##'''##♣ ##.....##
#.......#
##.......##
#.........#
##.........##
#####.....⌠.....# ##
....##).......)##...
.....g@.......)'....
.....##......)##....
.....)#.......# ....
....g.##....)## ....
.⌠.....####### ...⌠
g.....## .....#


You could see a hobgoblin.

Vanquished Creatures
  A bullfrog skeleton (D:4)
  Ijyb (D:4)
  Natasha (twice) (D:3)
  2 gnolls (Bailey)
  4 adders
  A worm (D:2)
  2 dart slugs (D:2)
  3 orcs
  9 ball pythons
  2 bats
  4 endoplasms
  2 giant cockroaches
  5 hobgoblins
  2 jackals (D:3)
  A quokka (D:2)
  4 frilled lizards
  14 goblins
  19 kobolds
  6 rats
84 creatures vanquished.

Notes
Turn   | Place    | Note
-------+----------+-------------------------------------------
     0 | D:1      | Urokeeper the Kobold Brigand began the quest for the Orb.
     0 | D:1      | Reached XP level 1. HP: 12/12 MP: 1/1
    57 | D:1      | Reached skill level 3 in Short Blades
   331 | D:1      | Reached XP level 2. HP: 17/17 MP: 2/2
   487 | D:1      | Reached skill level 4 in Short Blades
   571 | D:1      | Found a faded altar of an unknown god.
   845 | D:2      | Reached XP level 3. HP: 21/21 MP: 3/3
  1210 | D:2      | Reached skill level 5 in Short Blades
  1463 | D:2      | Reached XP level 4. HP: 26/26 MP: 4/4
  1992 | D:3      | Noticed Natasha
  2016 | D:3      | Killed Natasha
  2017 | D:3      | Reached skill level 6 in Short Blades
  2017 | D:3      | Reached XP level 5. HP: 26/30 MP: 5/5
  2110 | D:3      | Noticed Natasha
  2123 | D:3      | Killed Natasha
  2380 | D:4      | Reached skill level 7 in Short Blades
  2440 | D:4      | Noticed Ijyb
  2444 | D:4      | Killed Ijyb
  2612 | D:4      | Reached skill level 1 in Long Blades
  2612 | D:4      | Reached XP level 6. HP: 29/35 MP: 6/6
  2860 | D:4      | You fall into a shaft and drop 3 floors!
  2870 | D:7      | Found a flagged portal.
  2876 | Bailey   | Entered a bailey
  3224 | Bailey   | Slain by a hobgoblin

Illustrated notes

Levels and vault maps discovered:
D:1:      minmay_arrival_diagonal_passages, layout_loops_ring,
          shapermc_ecumenical_altar_hornbeckon, minivault_11,
          corexii_item_surrounded_by_moat, solitary_fountain,
          corexii_hall_statues_i
D:2:      layout_basic, serial_curves, eino_curves_02, eino_curves_02
D:3:      minmay_recursive_quarters, layout_loops_cross, uniq_natasha
D:4:      minmay_goblin_kobold_castle, layout_rooms, uniq_ijyb
D:7:      wad_pebble_path, layout_basic, enter_bailey_2
Bailey:   bailey_axe_minmay_hex_keep, bailey

Skill      XL: |  1  2  3  4  5 |
---------------+----------------+-----
Short Blades   | 3 4 5 6 7 |  7.4
Long Blades    | 1 |  1.7
Fighting       | |  2.1
Throwing       | |  2.1
Dodging        | |  1.2
Stealth        | |  5.5

Action                   |  1- 3 |  4- 6 || total
-------------------------+-------+-------++-------
Melee: Dagger            |     6 |     5 ||    11
       Short sword       |    47 |    74 ||   121
       Falchion          |       |    62 ||    62
  Use: Scroll            |     1 |       ||     1
 Stab: Sleeping          |    20 |    15 ||    35
       Distracted        |     1 |       ||     1
Armor: Robe              |     1 |    16 ||    17
Dodge: Dodged            |    16 |    81 ||    97
       Rpst.: Falchion   |       |    18 ||    18
